 Dungeon Crawl Stone Soup version 0.32-a0-702-gc29ba85809 (webtiles) character file.

Game seed: 10461286115552131977

305 Nattfarinn the Chopper (level 6, 0/53 HPs)
             Began as a Mountain Dwarf Berserker on Mar 14, 2024.
             Was a Believer of Trog.
             Succumbed to a scorpion's poison
             ... on level 3 of the Dungeon.
             The game lasted 00:02:03 (1773 turns).

Nattfarinn the Chopper (Mountain Dwarf Berserker)   Turns: 1773, Time: 00:02:04

Health: 0/53       AC:  3    Str: 21    XL:     6   Next: 16%
Magic:  6/6        EV: 10    Int:  8    God:    Trog [**....]
Gold:   112        SH:  0    Dex:  9    Spells: 5/5 levels left

rFire   . . .        a - +0 hand axe
rCold   . . .        (no shield)
rNeg    . . .        b - +0 animal skin
rPois   .            (no helmet)
rElec   .            g - +0 cloak
rCorr   .            (no gloves)
SInv    .            (no boots)
Will    .....        (no amulet)
Stlth   +            (no ring)
HPRegen 0.28/turn    (no ring)
MPRegen 0.10/turn

%: no passive effects
@: lethally poisoned (0 -> -8), on berserk cooldown, slowed, very slow
A: runic magic, artefact enchanting
a: Renounce Religion, Berserk, Trog's Hand


You were on level 3 of the Dungeon.
You worshipped Trog.
Trog was pleased with you.
You visited 1 branch of the dungeon, and saw 3 of its levels.

You collected 112 gold pieces.

Inventory:

Hand Weapons
 a - a +0 hand axe (weapon)
Armour
 b - a +0 animal skin (worn)
 g - a +0 cloak (worn)
Jewellery
 d - a ring of willpower
Wands
 i - a wand of charming (7)
Scrolls
 e - a scroll of teleportation {unknown}
 h - a scroll of blinking {unknown}
 j - a scroll of enchant weapon {unknown}
 l - a scroll of fear {unknown}
Potions
 c - a potion of brilliance {unknown}
 f - a potion of enlightenment {unknown}
 k - 3 potions of heal wounds {unknown}
 m - a potion of cancellation {unknown}
 n - a potion of invisibility {unknown}


   Skills:
 + Level 4.7 Fighting
 * Level 6.4 Axes
 + Level 4.0 Armour
 - Level 1.3 Dodging


You had 5 spell levels left.
You didn't know any spells.
Your spell library was empty.

Dungeon Overview and Level Annotations

Branches:
Dungeon (3/15)

Altars:


Innate Abilities, Weirdness & Mutations

Your spellcasting is much less encumbered by armour.
You can use scrolls of enchantment on lesser artefacts.


Message History

You closely miss the scorpion.
The scorpion is heavily wounded.
You feel sick. The scorpion stings you.
You are more poisoned.
The scorpion poisons you!
You completely miss the scorpion.
The scorpion is heavily wounded.
* * * LOW HITPOINT WARNING * * *
You feel very sick.
You completely miss the scorpion.
The scorpion is heavily wounded.
* * * LOW HITPOINT WARNING * * *
You feel very sick. The scorpion barely misses you.
You barely miss the scorpion.
The scorpion is heavily wounded.
* * * LOW HITPOINT WARNING * * *
You feel sick. The scorpion stings you.
* * * LOW HITPOINT WARNING * * *
You slash the scorpion!
You kill the scorpion!
Trog accepts your kill.
* * * LOW HITPOINT WARNING * * *
You feel very sick.
Your Armour skill increases to level 4!
You have reached level 6!
You are too berserk!
* * * LOW HITPOINT WARNING * * *
You feel sick.
You feel a strong urge to attack something.
* * * LOW HITPOINT WARNING * * *
You feel sick.
Okay, then.
You are too berserk!
* * * LOW HITPOINT WARNING * * *
You feel sick.
You feel your anger nearly subside.
You are no longer berserk.
You are exhausted.
You feel yourself slow down.
You die...

# #.....#...##.......## .
...#....##.##.......######
##
#..#.......##............. .
#.........................
.. #........................
...#....##..................
................#.###.......
.....##...##......# #.......
..!....##..@....### #.......
.........##.....# #.......
...........##...# #.......
................## #.......
.....######......# ###.....
..... #......# ##.##.# ....
#......#####...<.. #.#
#.........##..#### #.
#.#######.....#


There were no monsters in sight!

Vanquished Creatures
  Grinder (D:3)
  A scorpion (D:3)
  2 adders
  7 endoplasms
  2 giant cockroaches
  3 hobgoblins
  5 jackals
  2 quokkas
  A ball python (D:2)
  7 bats
  2 frilled lizards
  A goblin (D:1)
  2 kobolds (D:1)
  7 rats
43 creatures vanquished.

Notes
Turn   | Place    | Note
-------+----------+-------------------------------------------
     0 | D:1      | Nattfarinn the Mountain Dwarf Berserker began the quest for
                  | the Orb.
     0 | D:1      | Reached XP level 1. HP: 19/19 MP: 1/1
   209 | D:1      | Reached skill level 4 in Axes
   209 | D:1      | Reached XP level 2. HP: 26/26 MP: 2/2
   341 | D:1      | Reached ** piety under Trog
   889 | D:2      | Reached XP level 3. HP: 13/33 MP: 3/3
  1279 | D:3      | Noticed Grinder
  1292 | D:3      | Killed Grinder
  1293 | D:3      | Reached skill level 6 in Axes
  1293 | D:3      | Reached XP level 4. HP: 40/41 MP: 4/4
  1293 | D:3      | Reached XP level 5. HP: 46/47 MP: 5/5
  1770 | D:3      | Reached XP level 6. HP: 8/53 MP: 6/6
  1772 | D:3      | HP: 3/79 [poisoned by a scorpion]
  1773 | D:3      | Succumbed to a scorpion's poison

Illustrated notes

Levels and vault maps discovered:
D:1:      psy_arrival_dodecagon, layout_basic
D:2:      layout_rooms
D:3:      layout_basic, nicolae_overflow_squiral, hangedman_decor_peaks_small,
          kennysheep_big_empty_room, uniq_grinder

Skill      XL: |  1  2  3  4  5 |
---------------+----------------+-----
Axes           | 4 6 |  6.4
Fighting       | 4 |  4.7
Armour         | 3 4 |  4.0
Dodging        | |  1.3

Action                     |  1- 3 |  4- 6 || total
---------------------------+-------+-------++-------
  Melee: Hand axe          |   122 |    35 ||   157
 Invoke: Berserk           |     1 |     1 ||     2
   Stab: Sleeping          |     2 |       ||     2
 Armour: Animal skin       |    92 |    27 ||   119
  Dodge: Dodged            |    81 |    23 ||   104

Table legend: (Time is in decaauts)
 A = Elapsed time spent in this place.
 B = Non-inter-level travel time spent in this place.
 C = Inter-level travel time spent in this place.
 D = Time resting spent in this place.
 E = Time spent auto-exploring this place.
 F = Levels seen in this place.
 G = Mean time per level.
                   A        B        C        D        E       F      G
               +--------+--------+--------+--------+--------+-----+--------+
         Total |   1786 |   1759 |     27 |      0 |   1449 |   3 |  595.3 |
       Dungeon |   1786 |   1759 |     27 |      0 |   1449 |   3 |  595.3 |
               +--------+--------+--------+--------+--------+-----+--------+

Top non-repeatable levels by time:
     D:1: 789 daAuts
     D:3: 531 daAuts
     D:2: 465 daAuts
